 Dungeon Crawl Stone Soup version 0.25.1-1-g288607f (webtiles) character file.

Game seed: 17850367418533174011

1423 RonnieColeman the Magician (level 8, -2/54 HPs)
             Began as an Octopode Conjurer on Sept 10, 2020.
             Was a Priest of Sif Muna.
             Slain by Duvessa
             ... wielding a +2 short sword of draining
              (14 damage)
             ... on level 5 of the Dungeon.
             The game lasted 00:18:37 (7232 turns).

RonnieColeman the Magician (Octopode Conjurer)      Turns: 7232, Time: 00:18:38

Health: -2/54      AC:  1    Str:  9    XL:     8   Next: 72%
Magic:  0/17       EV: 12    Int: 22    God:    Sif Muna [***...]
Gold:   132        SH:  0    Dex:  8    Spells: 14/20 levels left

rFire    . . .     SeeInvis .   w - +4 scimitar of Descent {freeze, Str+2 Int+2 Dex-4}
rCold    . . .     Gourm    .   (no shield)
rNeg     . . .     Faith    +   (helmet restricted)
rPois    .         Spirit   .   c - amulet of faith
rElec    .         Reflect  .   o - ring of resist corrosion
rCorr    +         Harm     .   (no ring)
MR       .....                  (no ring)
Stlth    ++........             (no ring)
HPRegen  0.18/turn              (no ring)
MPRegen  0.15/turn              (no ring)
                                (no ring)
                                (no ring)

@: drained
A: almost no armour, stealthy swim, amphibious, 8 rings, constrict 8, camouflage
1, gelatinous body 1
a: Channel Magic, Forget Spell, Renounce Religion


You were on level 5 of the Dungeon.
You worshipped Sif Muna.
Sif Muna was most pleased with you.
You were hungry.

You visited 1 branch of the dungeon, and saw 5 of its levels.
You also visited: Ossuary.

You collected 132 gold pieces.

Inventory:

Hand Weapons
 w - the +4 scimitar of Descent (weapon) {freeze, Str+2 Int+2 Dex-4}
   (You found it on level 5 of the Dungeon)

   It has been specially enchanted to freeze those struck by it, causing extra
   injury to most foes and up to half again as much damage against particularly
   susceptible opponents.
   It can also slow down cold-blooded creatures.
   It affects your strength (+2).
   It affects your intelligence (+2).
   It affects your dexterity (-4).
Jewellery
 c - an amulet of faith (around mantle)
 o - a ring of resist corrosion (left tentacle)
Wands
 a - a wand of flame (22)
Scrolls
 e - 2 scrolls of noise
 l - a scroll of amnesia
 n - a scroll of fear
 p - a scroll of enchant armour
 q - a scroll of identify
 u - a scroll of teleportation {unknown}
Potions
 d - a potion of cancellation
 f - 5 potions of haste
 g - a potion of berserk rage
 h - 2 potions of ambrosia {unknown}
 i - 2 potions of lignification
 k - 2 potions of might {unknown}
 m - 3 potions of brilliance {unknown}
 r - 2 potions of flight {unknown}
 s - a potion of mutation {unknown}
 t - a potion of stabbing {unknown}
Comestibles
 b - 6 rations


   Skills:
 + Level 4.5(3.3) Fighting
 - Level 2.0(0.9) Dodging
 - Level 2.6(1.6) Stealth
 * Level 6.5(5.3) Spellcasting
 + Level 6.2(5.0) Conjurations
 + Level 4.0(2.9) Air Magic


You had 14 spell levels left.
You knew the following spells:

 Your Spells              Type           Power        Failure   Level  Hunger
a - Magic Dart            Conj           ####         1%          1    None
b - Mephitic Cloud        Conj/Pois/Air  ###.....     10%         3    ##.....
c - Searing Ray           Conj           ####..       1%          2    None

Your spell library contained the following spells:

 Spells                   Type           Power        Failure   Level  Hunger
 Conjure Flame            Conj/Fire      ###.....     11%         3    ##.....
 Dazzling Flash           Conj/Hex       ###...       11%         3    ##.....
 Blink                    Tloc           N/A          16%         2    None
 Call Imp                 Summ           #.......     16%         2    None
 Slow                     Hex            #.......     16%         2    None
 Fulminant Prism          Conj/Hex       ###.......   34%         4    ####...
 Iskenderun's Mystic Bla  Conj/Tloc      ###.....     34%         4    ####...


Dungeon Overview and Level Annotations

Branches:
Dungeon (5/15)            Ossuary (visited)
 Temple: D:4-7

Altars:
Cheibriados
Elyvilon
Fedhas
Sif Muna

Annotations:
D:2 Sigmund
D:5 Duvessa


Innate Abilities, Weirdness & Mutations

You cannot wear most types of armour.
You are very stealthy in the water. (Stealth+)
You are amphibious.
You can wear up to eight rings at the same time.
You can use your tentacles to constrict eight enemies at once.
Your skin changes colour to match your surroundings (Stealth+).
Your rubbery body absorbs attacks. (AC +1, EV +1)


Message History

The searing ray hits Duvessa!
Duvessa is heavily wounded. (Press . to maintain the ray.) Duvessa hits you but does no damage.
You feel drained.
Duvessa hits you with a +2 short sword of draining!
You feel drained.
* * * LOW HITPOINT WARNING * * *
You hit Duvessa. You freeze Duvessa. Your grab misses Duvessa.
Duvessa is severely wounded.
Duvessa hits you but does no damage.
You feel drained. Duvessa completely misses you.
You hit Duvessa. You freeze Duvessa. You grab Duvessa.
Duvessa is severely wounded.
You constrict Duvessa, but do no damage.
Duvessa hits you with a +2 short sword of draining.
* * * LOW HITPOINT WARNING * * *
You feel drained.
* * * LOW HITPOINT WARNING * * *
Duvessa hits you with a +2 short sword of draining!
You die...

****#### ,,,,,.<# ,****#.#
,* #.####### ,* #.....).#
,* #.#####.# .#####)#
##.## .......####>..######
#####..........$@..##
#.##.##...###e).#*
#.##.###.###.#.#.#*
#.##.##......!....#
#####.##.#.#.#.#.#.#.##***
......##..##.##........,,*
......##..*#.,#..#.#,###,*
##########***,#..#.#,* *,*
***,,≈≈≈****,.#.#.#>* *,*


You could see Duvessa (berserk).

Vanquished Creatures
  Grinder (D:5)
  Eustachio (D:4)
  Menkaure (Ossuary)
  An ice beast (D:5)
  3 ogres (D:5)
  A scorpion (D:4)
  Dowan (D:5)
  A crimson imp (D:5)
  A bullfrog zombie (D:5)
  A hound (D:3)
  An orc priest (D:3)
  A centaur skeleton (D:4)
  Jessica (D:3)
  Terence (D:3)
  4 worker ants
  3 mummies (Ossuary)
  A gnoll (D:4)
  6 adders
  A shadow imp (D:5)
  2 adder skeletons (D:4)
  2 worms
  7 dart slugs
  A leopard gecko (D:5)
  5 orcs
  5 giant cockroaches
  8 goblins
  9 hobgoblins
  3 jackals
  6 kobolds
  A quokka (D:3)
  A ball python (D:2)
  8 bats
  6 frilled lizards
  3 gnoll skeletons (Ossuary)
  4 gnoll zombies (Ossuary)
  6 goblin skeletons (Ossuary)
  7 goblin zombies (Ossuary)
  3 hobgoblin skeletons (Ossuary)
  2 hobgoblin zombies (Ossuary)
  3 kobold skeletons (Ossuary)
  2 kobold zombies (Ossuary)
  A leopard gecko skeleton (D:4)
  3 orc skeletons (Ossuary)
  4 orc zombies (Ossuary)
  6 rats
  6 rat skeletons (Ossuary)
  6 rat zombies
151 creatures vanquished.

Vanquished Creatures (others)
  An orc skeleton (Ossuary)
  2 rat zombies (Ossuary)
3 creatures vanquished.

Grand Total: 154 creatures vanquished

Notes
Turn   | Place    | Note
-------+----------+-------------------------------------------
     0 | D:1      | RonnieColeman the Octopode Conjurer began the quest for the
                  | Orb.
     0 | D:1      | Reached XP level 1. HP: 11/11 MP: 3/3
   130 | D:1      | Reached XP level 2. HP: 18/18 MP: 5/5
   326 | D:1      | Reached skill level 1 in Fighting
   329 | D:1      | Reached XP level 3. HP: 15/23 MP: 3/6
  1395 | D:2      | Found a shimmering blue altar of Sif Muna.
  1395 | D:2      | Found a blossoming altar of Fedhas.
  1395 | D:2      | Found a snail-covered altar of Cheibriados.
  1530 | D:2      | Noticed Sigmund
  1953 | D:2      | Became a worshipper of Sif Muna the Loreminder
  2031 | D:2      | Reached XP level 4. HP: 26/28 MP: 0/8
  2347 | D:3      | Learned a level 3 spell: Mephitic Cloud
  2753 | D:3      | Noticed Terence
  2761 | D:3      | Learned a level 2 spell: Searing Ray
  3143 | D:3      | Reached * piety under Sif Muna
  3145 | D:3      | Reached XP level 5. HP: 24/34 MP: 1/10
  3468 | D:3      | Reached skill level 1 in Air Magic
  3765 | D:3      | Noticed Jessica
  3770 | D:3      | Killed Jessica
  3770 | D:3      | Reached XP level 6. HP: 40/40 MP: 6/12
  4003 | D:3      | Killed Terence
  4180 | D:4      | Found a white marble altar of Elyvilon.
  4240 | D:4      | Found a sand-covered staircase.
  4263 | Ossuary  | Entered an ossuary
  4341 | Ossuary  | Reached ** piety under Sif Muna
  4924 | Ossuary  | Reached skill level 5 in Conjurations
  5290 | Ossuary  | Noticed Menkaure
  5295 | Ossuary  | Killed Menkaure
  5295 | Ossuary  | Reached XP level 7. HP: 25/46 MP: 6/14
  5461 | Ossuary  | Reached *** piety under Sif Muna
  5979 | D:5      | Entered Level 5 of the Dungeon
  6101 | D:5      | Reached skill level 5 in Spellcasting
  6376 | D:5      | Noticed Grinder
  6391 | D:5      | Killed Grinder
  6391 | D:5      | Reached XP level 8. HP: 7/54 MP: 8/16
  6858 | D:4      | Noticed Eustachio
  6867 | D:4      | Killed Eustachio
  7145 | D:5      | Got a masterwork scimitar
  7146 | D:5      | Identified the +4 scimitar of Descent {freeze, Str+2 Int+2
                  | Dex-4} (You found it on level 5 of the Dungeon)
  7217 | D:5      | Noticed Dowan
  7218 | D:5      | Noticed Duvessa
  7225 | D:5      | Killed Dowan
  7232 | D:5      | Slain by Duvessa

Illustrated notes

Levels and vault maps discovered:
D:1:      minmay_arrival_split_and_join, layout_basic
D:2:      minmay_wonky_spiral, layout_rooms, old_standard_altar,
          grunt_temple_overflow_open, feat_on_display, uniq_sigmund
D:3:      layout_basic, uniq_jessica, uniq_terence
D:4:      layout_loops_ring, first_ration, enter_ossuary_4, lemuel_statue_altar,
          uniq_eustachio
D:5:      cheibrodos_two_vegetables, layout_loops_ring, uniq_duvessa,
          uniq_grinder

Skill      XL: |  1  2  3  4  5  6  7  8 |
---------------+-------------------------+-----
Fighting       | 1 2 3 4 |  4.5
Spellcasting   | 3 4 5 6 |  6.5
Air Magic      | 1 2 3 4 |  4.0
Conjurations   | 5 6 |  6.2
Dodging        | |  2.0
Stealth        | |  2.6

Action                   |  1- 3 |  4- 6 |  7- 9 || total
-------------------------+-------+-------+-------++-------
Melee: Whip              |    61 |       |       ||    61
       Constrict         |    19 |    49 |    17 ||    85
       Tentacles         |     8 |    31 |    11 ||    50
       Short sword       |    21 |   153 |    54 ||   228
       Scimitar          |       |       |     9 ||     9
 Cast: Magic Dart        |    35 |    50 |     9 ||    94
       Searing Ray       |       |    24 |    29 ||    53
  Use: Scroll            |       |     4 |     9 ||    13
 Stab: Sleeping          |     7 |     8 |     2 ||    17
  Eat: Chunk             |     3 |     8 |     2 ||    13
       Ration            |       |     1 |     1 ||     2
Armor: Skin              |     6 |     8 |     3 ||    17
Dodge: Dodged            |    70 |    72 |    48 ||   190
       Rpst.: Scimitar   |       |       |     3 ||     3
